 Dungeon Crawl Stone Soup version 0.31-a0-986-g5e6e4ef867 (webtiles) character file.

Game seed: 13530851341124609569

1185 Persephone the Cleaver (level 8, -4/96 HPs)
             Began as a Hill Orc Fighter on Nov 13, 2023.
             Was a Follower of Qazlal.
             Slain by an ice beast (13 damage)
             ... on level 6 of the Dungeon.
             The game lasted 00:06:27 (4903 turns).

Persephone the Cleaver (Hill Orc Fighter)           Turns: 4903, Time: 00:06:27

Health: -4/96      AC: 11    Str: 21    XL:     8   Next: 42%
Magic:  8/8        EV:  4    Int:  8    God:    Qazlal [*.....]
Gold:   364        SH: 10    Dex: 10    Spells: 7/7 levels left

rFire   . . .        a - +0 war axe
rCold   . . .        h - +1 kite shield
rNeg    . . .        u - +0 plate armour
rPois   .            (no helmet)
rElec   .            (no cloak)
rCorr   .            (no gloves)
SInv    .            (no boots)
Will    .....        (no amulet) Stlth
                     (no ring)
HPRegen 0.36/turn    (no ring)
MPRegen 0.11/turn

%: no passive effects
@: berserking (expiring), very quick
A: no striking features
a: Renounce Religion


You were on level 6 of the Dungeon.
You worshipped Qazlal.
Qazlal was aware of your devotion.
You visited 1 branch of the dungeon, and saw 6 of its levels.
You also visited: Sewer.

You collected 364 gold pieces.

Inventory:

Hand Weapons
 a - a +0 war axe (weapon)
Armour
 b - a +0 scale mail
 c - a +0 buckler
 h - a +1 kite shield (worn)
 u - a +0 plate armour (worn)
Jewellery
 e - a ring of magical power
 x - a ring of ice
Wands
 d - a wand of quicksilver (6)
 y - a wand of digging (9)
Scrolls
 f - a scroll of vulnerability
 g - a scroll of teleportation
 i - a scroll of enchant armour
 j - 2 scrolls of revelation
 o - a scroll of noise {unknown}
 p - a scroll of fear {unknown}
 z - a scroll of identify
Potions
 k - 3 potions of heal wounds
 l - a potion of cancellation {unknown}
 m - 2 potions of mutation {unknown}
 n - 4 potions of curing
 q - a potion of lignification {unknown}
 r - 4 potions of enlightenment {unknown}
 s - 2 potions of berserk rage
 t - a potion of haste {unknown}
 v - 2 potions of degeneration {unknown}
 w - a potion of resistance {unknown}


   Skills:
 - Level 3.6 Fighting
 + Level 12.9 Axes
 - Level 3.2 Armour
 - Level 3.2 Shields


You had 7 spell levels left.
You didn't know any spells.
Your spell library contained the following spells:

 Spells                   Type           Power      Damage    Failure   Level
 Blink                    Tloc           0%         N/A       100%        2
 Ozocubu's Armour         Ice            0%         N/A       100%        3
 Manifold Assault         Tloc           0%         N/A       100%        4
 Ozocubu's Refrigeration  Ice            0%         4d7       100%        7


Dungeon Overview and Level Annotations

Branches:
Dungeon (6/15)             Temple (0/1) D:4           Sewer (visited)

Altars:
Fedhas
Qazlal
Sif Muna
Trog
Uskayaw
Vehumet
Wu Jian
Yredelemnul

Annotations:
D:6 Jeremiah


Message History

You closely miss the orc. You barely miss the orc warrior.
You barely miss the orc. You barely miss the orc. You slash the orc warrior!
You barely miss the orc. You block the orc's attack.
The orc hits you with a +0 flail.
* * * LOW HITPOINT WARNING * * *
The orc warrior hits you with a +0 mace.
* * * LOW HITPOINT WARNING * * *
You slice the orc!!
You kill the orc!
Qazlal accepts your kill.
You slash the orc warrior!
You kill the orc warrior!
Qazlal accepts your kill.
You barely miss the orc. The orc hits you but does no damage.
You closely miss the butterfly. You closely miss the ice beast.
You barely miss the orc. You closely miss the butterfly.
You closely miss the ice beast. You slash the orc!
You kill the orc!
Qazlal accepts your kill.
The ice beast hits you but does no damage.
You slice the butterfly!!
You kill the butterfly!
The butterfly disappears in a burst of colours!
You barely miss the ice beast. You hit the butterfly.
You kill the butterfly!
The butterfly disappears in a burst of colours! x2
You block the ice beast's attack.
Things that are here:
a +0 hand axe; a +0 leather armour You hit the ice beast.
The ice beast is lightly wounded.
You barely miss the butterfly. You miss the butterfly.
The butterfly disappears in a burst of colours! x2
The ice beast barely misses you. You block Jeremiah's attack.
There are monsters nearby!
The ice beast hits you.
* * * LOW HITPOINT WARNING * * *
The ice beast freezes you!
You die...

#..#.##<.......
...............
#..#.##..<.....
# #.#......
#..#.##.#.#.#..
#.........#.# .
...#.###.##.# #
#.##.# #@Y.b#
#ยง)#.# #bb# #
..F.b #..b.b.
#._.#bb..
....b..b...
###.b.#:#####
...##.#


You could see Jeremiah and an ice beast.

Vanquished Creatures
  A water moccasin (D:5)
  An orc warrior (D:6)
  2 ice beasts
  Pargi (Sewer)
  A black bear (D:5)
  A phantom (D:5)
  Blork the orc (D:4)
  A scorpion (D:5)
  2 jellies
  An orc priest (D:5)
  2 hounds
  4 orc wizards
  7 adders
  A white imp (D:5)
  2 worms
  2 dart slugs
  17 orcs
  6 endoplasms
  4 giant cockroaches
  7 goblins
  4 hobgoblins
  6 jackals
  A quokka (D:2)
  10 ball pythons
  6 bats
  2 frilled lizards
  4 kobolds
  4 rats
101 creatures vanquished.

Notes
Turn   | Place    | Note
-------+----------+-------------------------------------------
     0 | D:1      | Persephone the Hill Orc Fighter began the quest for the
                  | Orb.
     0 | D:1      | Reached XP level 1. HP: 19/19 MP: 1/1
    44 | D:1      | Reached skill level 3 in Axes
    71 | D:1      | Reached XP level 2. HP: 26/26 MP: 2/2
   168 | D:1      | Reached skill level 4 in Axes
  1064 | D:2      | Reached XP level 3. HP: 27/31 MP: 3/3
  1510 | D:2      | Reached skill level 5 in Axes
  1961 | D:3      | Reached XP level 4. HP: 27/39 MP: 4/4
  2098 | D:3      | Found an ornate altar of the Wu Jian Council.
  2107 | D:3      | Found a shimmering blue altar of Sif Muna.
  2109 | D:3      | Found a blossoming altar of Fedhas.
  2109 | D:3      | Found a stormy altar of Qazlal.
  2127 | D:3      | Found a basalt altar of Yredelemnul.
  2129 | D:3      | Found a bloodstained altar of Trog.
  2177 | D:3      | Became a worshipper of Qazlal Stormbringer
  2341 | D:3      | Found a hide-covered altar of Uskayaw.
  2459 | D:3      | Found a glowing drain.
  2476 | D:3      | Reached skill level 6 in Axes
  2486 | Sewer    | Entered a sewer
  2513 | Sewer    | Noticed Pargi
  2533 | Sewer    | Killed Pargi
  2534 | Sewer    | Reached skill level 7 in Axes
  2534 | Sewer    | Reached XP level 5. HP: 6/45 MP: 5/5
  2814 | D:4      | Noticed Blork the orc
  2820 | D:4      | Killed Blork the orc
  2821 | D:4      | Reached skill level 8 in Axes
  2821 | D:4      | Reached XP level 6. HP: 47/51 MP: 6/6
  2913 | D:4      | Found a staircase to the Ecumenical Temple.
  3288 | D:4      | Reached skill level 9 in Axes
  3563 | D:5      | Entered Level 5 of the Dungeon
  3626 | D:5      | Reached XP level 7. HP: 50/57 MP: 7/7
  3703 | D:4      | Reached * piety under Qazlal
  3830 | D:5      | Reached skill level 10 in Axes
  4084 | D:5      | Reached skill level 11 in Axes
  4542 | D:5      | Reached skill level 12 in Axes
  4542 | D:5      | Reached XP level 8. HP: 46/64 MP: 8/8
  4886 | D:6      | Noticed Jeremiah
  4893 | D:6      | Found a radiant altar of Vehumet.
  4903 | D:6      | Slain by an ice beast

Illustrated notes

Levels and vault maps discovered:
D:1:      moated_graveyard_arrival, layout_basic, minmay_box_of_dots
D:2:      layout_loops_corners, nicolae_concentric_dashed_squares_mild
D:3:      layout_rooms, nicolae_uskayaw_dance_hall, grunt_temple_overflow_open,
          portal_sewer_entry_a
D:4:      layout_loops_ring, minmay_temple_entry_overgrown, uniq_blork_the_orc
D:5:      layout_basic, serial_aquarium, aquarium_bridge_island_small
          [aquarium_subvault_small_water, aquarium_subvault_wall,
          aquarium_subvault_bridge, aquarium_subvault_bridge,
          aquarium_subvault_bridge], aquarium_window_fake, aquarium_window_fake,
          aquarium_window_fake, aquarium_view_2b, aquarium_view_2g,
          aquarium_pool_2, st_stairs_9
D:6:      layout_loops_ring, overflow_temple_1_default, water_maze_lemuel,
          uniq_prince_ribbit1, uniq_menkaure, uniq_jeremiah

Skill      XL: |  1  2  3  4  5  6  7 |
---------------+----------------------+-----
Axes           | 3 4 5 7 8 9 12 | 12.9
Fighting       | |  3.6
Armour         | |  3.2
Shields        | |  3.2

Action                     |  1- 3 |  4- 6 |  7- 9 || total
---------------------------+-------+-------+-------++-------
  Melee: War axe           |    97 |   125 |   116 ||   338
    Use: Potion            |       |     1 |     3 ||     4
         Scroll            |       |       |     9 ||     9
 Armour: Scale mail        |    63 |     6 |       ||    69
         Plate armour      |       |   120 |   152 ||   272
  Dodge: Dodged            |    23 |    22 |    21 ||    66
  Block: Kite shield       |    44 |    53 |    58 ||   155

Table legend: (Time is in decaauts)
 A = Elapsed time spent in this place.
 B = Non-inter-level travel time spent in this place.
 C = Inter-level travel time spent in this place.
 D = Time resting spent in this place.
 E = Time spent auto-exploring this place.
 F = Levels seen in this place.
 G = Mean time per level.
                   A        B        C        D        E       F      G
               +--------+--------+--------+--------+--------+-----+--------+
         Total |   4985 |   4799 |    186 |      0 |   3959 |   7 |  712.1 |
       Dungeon |   4746 |   4560 |    186 |      0 |   3785 |   6 |  791.0 |
         Sewer |    238 |    238 |      0 |      0 |    174 |   1 |  238.0 |
               +--------+--------+--------+--------+--------+-----+--------+

Top non-repeatable levels by time:
     D:5: 1159 daAuts
     D:1: 1062 daAuts
     D:4: 996 daAuts
     D:2: 924 daAuts
     D:3: 570 daAuts
   Sewer: 238 daAuts
     D:6: 34 daAuts
